cohdb
Replays
Latest Replays
All Replays
Popular Replays
Top Player Replays
Match Explorer
How It Works
Community
CoH3 Stats
Reddit
Sign in to upload your games and track your stats! →
Sign in with Steam
Match 28454296
Unlisted
Match 28454296
Overview
Messages
Build Orders
End
Scout Squad
Construct Barracks
Riflemen Squad
Riflemen Squad
Riflemen Squad
Construct Medical Station
Infantry Support Center
Selects Armored Battlegroup
Selects Veteran Crews
Riflemen Squad
Construct Motor Pool
M8 Greyhound Armored Car
Selects M31 Recovery Vehicle
Selects Strength in Steel
Grenade Package
M1918 Browning Automatic Rifles
Engineer Squad
M24 Chaffee Light Tank
Selects War Machine
M1 Anti-tank Gun Team
Riflemen Squad
Advanced Logistics
BuCheonFrog
^3
0
0
Comments
sign in to comment!
No comments posted yet!